[Event "Team 45 45 League T86"]
[Site "Internet Chess Club"]
[Date "2020.10.03"]
[Round "1"]
[White "fledermaus"]
[Black "primerpaso"]
[Result "1-0"]
[WhiteElo "1912"]
[BlackElo "1773"]
[Opening "QGD: Lasker defense"]
[ECO "D56"]
[Time "14:03:33"]
[TimeControl "2700+45"]

1. Nf3 Nf6 2. c4 e6 3. Nc3 d5 4. d4 Be7 5. Bg5 O-O 6. e3 h6 7. Bh4 Ne4 8. Bxe7
Qxe7 9. Rc1 Rd8 10. Bd3 Nxc3 11. Rxc3 Nc6 12. Qe2 Bd7 13. O-O Be8 14. cxd5 exd5
15. Rfc1 Rac8 16. Bb1 g6 17. h4 Bd7 18. h5 Kg7 19. Rxc6 Bxc6 20. hxg6 fxg6 21.
Ne5 Rd6 22. Nxg6 Qg5 23. Ne5 h5 24. f4 Qh6 25. Kf2 Rf8 26. Rh1 Be8 27. g4 Rdf6
28. g5 Qxg5 29. Rg1 Rxf4+ 30. exf4 Rxf4+ 31. Nf3 {Black resigns} 1-0

[Event "Team 45 45 League T86"]
[Site "Internet Chess Club"]
[Date "2020.10.03"]
[Round "1"]
[White "ElValero"]
[Black "JeffH"]
[Result "1-0"]
[WhiteElo "1708"]
[BlackElo "1774"]
[Opening "King's Indian: Smyslov system"]
[ECO "E61"]
[Time "10:00:36"]
[TimeControl "2700+45"]

1. Nf3 Nf6 2. c4 d6 3. d4 g6 4. Nc3 Bg7 5. Bg5 h6 6. Bh4 O-O 7. e3 Nbd7 8. Bd3
e5 9. Qc2 exd4 10. Nxd4 Nd5 {Black resigns} 1-0

[Event "Team 45 45 League T86"]
[Site "Internet Chess Club"]
[Date "2020.10.03"]
[Round "1"]
[White "MathBandit"]
[Black "andrew37"]
[Result "1-0"]
[WhiteElo "1715"]
[BlackElo "1673"]
[Opening "Sicilian: Smith-Morra gambit"]
[ECO "B21"]
[Time "18:00:34"]
[TimeControl "2700+45"]

1. e4 c5 2. d4 cxd4 3. c3 dxc3 4. Nxc3 e6 5. Nf3 Bc5 6. Bb5 Ne7 7. O-O O-O 8.
Bg5 h6 9. Bh4 a6 10. Ba4 b5 11. Bc2 Nbc6 12. e5 Qc7 13. Ne4 Bb6 14. Nd6 Ng6 15.
Rc1 Bb7 16. Bg3 Rab8 17. h4 Qd8 18. h5 Nge7 19. Bh4 Nb4 20. Bb1 g5 21. Nxg5 hxg5
22. Bxg5 Bc7 23. Bf6 {Black resigns} 1-0

[Event "Team 45 45 League T86"]
[Site "Internet Chess Club"]
[Date "2020.10.05"]
[Round "1"]
[White "Andressa"]
[Black "Grenadier"]
[Result "0-1"]
[WhiteElo "1367"]
[BlackElo "1575"]
[Opening "Caro-Kann defense"]
[ECO "B11"]
[Time "21:04:01"]
[TimeControl "2700+45"]

1. e4 c6 2. Nc3 d5 3. exd5 cxd5 4. d4 Nf6 5. Nf3 Bg4 6. Be2 e6 7. O-O Nbd7 8. h3
Bh5 9. Bf4 Rc8 10. Rb1 Bb4 11. a3 Bxc3 12. bxc3 b6 13. Qd3 Bg6 14. Qd2 Ne4 15.
Qc1 Nxc3 16. Ba6 O-O 17. Re1 Nxb1 18. Bxc8 Qxc8 19. Qxb1 Qxc2 20. Qb5 Nf6 21.
Rc1 Qd3 22. Qa4 a6 23. Ne5 Qb5 24. Qd1 Nd7 25. Nxg6 hxg6 26. Rb1 Qa5 27. Bd6 Rc8
28. Qb3 Qc3 29. Qd1 b5 30. Bb4 Qc2 31. Qe1 Rc4 32. Rd1 Nf6 33. Rd2 Qe4 34. Qd1
g5 35. Bc5 g4 36. hxg4 Qxg4 37. f3 Qg5 38. Qe2 Nh5 39. Qf2 Qg3 40. Qxg3 Nxg3 41.
Kf2 Nh5 42. g4 Nf6 43. Kg3 Rc3 44. Kf4 Nd7 45. Bb4 Rc4 46. Kg3 Nb8 47. Bc5 Nc6
48. f4 a5 49. f5 e5 50. g5 exd4 51. Bd6 b4 52. axb4 axb4 53. g6 b3 54. Re2 Rc3+
55. Kg4 Re3 56. Rb2 Na5 57. Bc5 Nc4 58. Rh2 Ne5+ 59. Kh5 Rg3 60. Bd6 f6 61. Bb4
Rg5+ 62. Kh4 Nf3+ {White resigns} 0-1

[Event "Team 45 45 League T86"]
[Site "Internet Chess Club"]
[Date "2020.10.04"]
[Round "1"]
[White "ChessJayden"]
[Black "Ajolote"]
[Result "0-1"]
[WhiteElo "1761"]
[BlackElo "1994"]
[Opening "Sicilian: Pelikan, Chelyabinsk variation"]
[ECO "B33"]
[Time "14:01:38"]
[TimeControl "2700+45"]

1. e4 c5 2. Nf3 Nc6 3. d4 cxd4 4. Nxd4 Nf6 5. Nc3 e5 6. Ndb5 d6 7. Bg5 a6 8. Na3
b5 9. Nd5 Be7 10. Bxf6 Bxf6 11. c3 O-O 12. Be2 Bg5 13. Nc2 Rb8 14. O-O Kh8 15.
Nce3 g6 16. a4 b4 17. Nc4 bxc3 18. bxc3 f5 19. exf5 gxf5 20. a5 Bb7 21. Ndb6 Rf6
22. Qc2 Ne7 23. Rad1 Qc7 24. Rfe1 Rg8 25. Bf1 Bf4 26. Ne3 Rh6 27. g3 Bxe3 28.
Rxe3 f4 29. Ree1 fxg3 30. fxg3 Rxg3+ 31. hxg3 Rh1+ 32. Kf2 Rh2+ 33. Ke3 Rxc2 34.
Bd3 Qc5# {White checkmated} 0-1

[Event "Team 45 45 League T86"]
[Site "Internet Chess Club"]
[Date "2020.10.04"]
[Round "1"]
[White "hipopotamos"]
[Black "handsomematch"]
[Result "1-0"]
[WhiteElo "1665"]
[BlackElo "1201"]
[Opening "Giuoco Pianissimo: Italian four knights variation"]
[ECO "C47"]
[Time "22:00:49"]
[TimeControl "2700+45"]

1. e4 e5 2. Nf3 Nc6 3. Nc3 Nf6 4. Bc4 Bc5 5. d3 h6 6. O-O d6 7. h3 O-O 8. a3 Qe7
9. Bd2 Be6 10. Nd5 Bxd5 11. exd5 Nd4 12. Nxd4 Bxd4 13. c3 Bb6 14. Qf3 Rae8 15.
Rae1 Qd7 16. Bxh6 Qe7 17. Bg5 Rc8 18. d4 Rfe8 19. dxe5 dxe5 20. Bb5 Red8 21. c4
a6 22. Ba4 Bd4 23. b4 c6 24. dxc6 bxc6 25. Bxc6 Qd6 26. Bxf6 Qxf6 27. Qxf6 gxf6
28. Bd5 Rd6 29. Rd1 Rcd8 30. Rfe1 Bc3 31. Re3 Bd4 32. Rg3+ Kf8 33. Kf1 Rb6 34.
Ke2 f5 35. Rgd3 Rbd6 36. f4 f6 37. g4 fxg4 38. hxg4 Re8 39. f5 Ke7 40. Kf3 Rh8
41. Kg3 Rh7 42. Kg2 Rh4 43. Rg3 Rh7 44. Rh1 Rg7 45. Rh5 Rg5 46. Rxg5 fxg5 47.
Rh3 Rf6 48. Kf3 Bb2 49. Ke4 Kd6 50. Rh7 Bd4 51. c5+ Bxc5 52. bxc5+ Kxc5 53. Kxe5
Rd6 {Black resigns} 1-0

[Event "Team 45 45 League T86"]
[Site "Internet Chess Club"]
[Date "2020.10.04"]
[Round "1"]
[White "aec7r3b"]
[Black "edelgado"]
[Result "1-0"]
[WhiteElo "1352"]
[BlackElo "1488"]
[Opening "French: Rubinstein variation"]
[ECO "C03"]
[Time "13:00:50"]
[TimeControl "2700+45"]

1. e4 e6 2. d4 d5 3. Nd2 dxe4 4. Nxe4 Nd7 5. Nf3 Ngf6 6. Bd3 Nxe4 7. Bxe4 Nf6 8.
Bg5 c5 9. c3 Qc7 10. Bd3 b6 11. O-O Bb7 12. Ne5 h6 13. Bf4 Nd5 14. Bg3 Bd6 15.
Bb5+ Kf8 16. a3 f6 17. Ng6+ {Black resigns} 1-0

[Event "Team 45 45 League T86"]
[Site "Internet Chess Club"]
[Date "2020.10.06"]
[Round "1"]
[White "fireball"]
[Black "eevee11"]
[Result "1-0"]
[WhiteElo "1507"]
[BlackElo "882"]
[Opening "Scandinavian defense"]
[ECO "B01"]
[Time "18:30:03"]
[TimeControl "2700+45"]

1. e4 d5 2. exd5 Nf6 3. Nf3 Bg4 4. Be2 Qxd5 5. c4 Qd8 6. O-O e6 7. d4 Nc6 8. Be3
Be7 9. a3 O-O 10. Nc3 Qd7 11. b4 a6 12. Ne5 Nxe5 13. dxe5 Qxd1 14. Raxd1 Bxe2
15. Nxe2 Ng4 16. Bf4 Rad8 17. h3 Nh6 18. Bxh6 gxh6 19. f4 Rxd1 20. Rxd1 Rd8 21.
Rxd8+ Bxd8 22. Kf2 Kg7 23. Nc3 Kg6 24. Ne4 Kf5 25. Kf3 h5 26. Nc5 Be7 27. Nxb7
Bf8 28. Nd8 Kg6 29. Nc6 h4 30. Kg4 Bh6 31. Nb8 Bf8 32. Nxa6 c6 33. Nb8 c5 34. b5
Be7 35. Nd7 Kg7 36. b6 Bd8 37. b7 Bc7 38. b8=Q Bxb8 39. Nxb8 Kf8 40. Nd7+ Ke7
41. Nxc5 Kd8 42. a4 Kc7 43. a5 Kc6 44. a6 Kb6 45. Kxh4 h6 46. Kh5 Kxc5 47. a7
Kxc4 48. a8=Q Kb4 49. Qc8 Ka3 50. Kxh6 Ka2 51. Qb7 Ka1 52. Kg7 Ka2 53. h4 Ka1
54. h5 Ka2 55. h6 Ka3 56. h7 Ka2 57. h8=Q Ka1 58. Qha8# {Black checkmated} 1-0

[Event "Team 45 45 League T86"]
[Site "Internet Chess Club"]
[Date "2020.10.03"]
[Round "1"]
[White "Ohanessian"]
[Black "janh"]
[Result "1/2-1/2"]
[WhiteElo "2008"]
[BlackElo "1897"]
[Opening "Caro-Kann: advance variation"]
[ECO "B12"]
[Time "20:04:34"]
[TimeControl "2700+45"]

1. e4 c6 2. d4 d5 3. e5 c5 4. dxc5 e6 5. Nf3 Bxc5 6. a3 Ne7 7. Bd3 Nd7 8. b4 Bb6
9. O-O Ng6 10. Re1 O-O 11. Ng5 h6 12. Nf3 Nh4 13. Nbd2 Nxf3+ 14. Nxf3 f6 15.
exf6 Qxf6 16. Be3 Bxe3 17. Rxe3 a6 18. Qe1 Re8 19. Ne5 Nxe5 20. Rxe5 Bd7 21. Qe3
Rac8 22. Re1 Rf8 23. Qd2 Qf4 24. R5e3 d4 25. R3e2 Qxd2 26. Rxd2 Rc3 27. Be4 Bc6
28. Bxc6 Rxc6 29. Re4 Rfc8 30. Rdxd4 Rxc2 31. g3 Rf8 32. Rf4 Rxf4 33. Rxf4 b5
34. Rf3 Rc4 35. Rd3 Rc6 36. Rf3 Rc4 37. Kf1 e5 38. Rd3 Rc6 39. Rf3 e4 40. Re3
Rc4 41. f3 exf3 42. Rxf3 Rc2 43. h4 Ra2 44. Kg1 g6 45. Rf6 Rxa3 46. Rxg6+ Kh7
47. h5 Rb3 48. Rg4 Rb2 49. Kh1 Ra2 50. Kg1 Rb2 51. Kf1 Ra2 52. Rg6 Ra4 53. Kf2
Rxb4 54. Rxa6 Rb1 55. Ra7+ Kh8 56. Kf3 Rb4 57. Rb7 Kg8 58. g4 Kh8 59. Kg3 Kg8
60. Kh4 Kh8 61. Kg3 Kg8 62. Kf3 Kh8 63. Rb6 Kg7 64. Rg6+ Kh7 65. Ke3 Rc4 66. Kd3
Rf4 67. Kc3 Rc4+ 68. Kb3 Rf4 69. g5 hxg5 70. Rxg5 b4 71. Rb5 Kh6 72. Rxb4 Rxb4+
73. Kxb4 Kxh5 {Game drawn because neither player has mating material} 1/2-1/2

[Event "Team 45 45 League T86"]
[Site "Internet Chess Club"]
[Date "2020.10.04"]
[Round "1"]
[White "achessman"]
[Black "ulfbert"]
[Result "1-0"]
[WhiteElo "1905"]
[BlackElo "1892"]
[Opening "English opening"]
[ECO "A05"]
[Time "09:06:58"]
[TimeControl "2700+45"]

1. Nf3 Nf6 2. c4 g6 3. b4 c5 4. bxc5 Qa5 5. Bb2 Bg7 6. Qb3 Na6 7. Qb5 Qxb5 8.
cxb5 Nxc5 9. Nc3 Nfe4 10. Rc1 b6 11. d4 Nxc3 12. dxc5 Nxa2 13. Bxg7 Nxc1 14.
Bxh8 bxc5 15. Bb2 Nb3 16. e3 a6 17. bxa6 Bxa6 18. Bxa6 Rxa6 19. O-O f6 20. Rb1
e5 21. Bc3 c4 22. e4 Ra2 23. Rb2 Ra1+ 24. Ne1 Kf7 25. Rxb3 Rxe1+ 26. Bxe1 cxb3
27. Bc3 Ke6 28. Kf1 f5 29. f3 d5 30. Ke2 Kd6 31. exd5 Kxd5 32. Kd3 g5 33. g4 f4
34. h3 h6 35. Bb2 {Black resigns} 1-0

[Event "Team 45 45 League T86"]
[Site "Internet Chess Club"]
[Date "2020.10.02"]
[Round "1"]
[White "Ehab"]
[Black "primerpaso"]
[Result "1-0"]
[WhiteElo "1893"]
[BlackElo "1784"]
[Opening "Sicilian: Najdorf, 7...Be7 main line"]
[ECO "B99"]
[Time "07:11:06"]
[TimeControl "2700+45"]

1. e4 c5 2. Nf3 d6 3. d4 cxd4 4. Nxd4 Nf6 5. Nc3 a6 6. Bg5 e6 7. f4 Be7 8. Qf3
Qc7 9. O-O-O Nbd7 10. Kb1 h6 11. Bh4 b5 12. Bd3 Bb7 13. Rhe1 Rc8 14. g4 Nc5 15.
Bg3 b4 16. g5 bxc3 17. gxf6 Bxf6 18. Bb5+ Kf8 19. Bc4 Nxe4 20. Rxe4 Bxe4 21.
Qxe4 Qxc4 22. b3 Qc5 23. Ka1 d5 24. Nxe6+ fxe6 25. Qxe6 d4 26. f5 Rd8 27. Qxa6
Qxf5 28. Rf1 Qg6 29. Be5 Kg8 30. Bxf6 Qxc2 31. Rb1 Re8 32. Qa7 Rh7 33. Bxd4 Qd2
34. Qd7 Rf8 35. Qd5+ Kh8 36. a4 h5 37. Qd6 Rg8 38. h4 Rh6 39. Qd5 Re8 40. Qd7
Rg8 41. Qd5 Rh7 42. b4 Qc2 43. Qc6 Rh6 44. Qxh6+ Qh7 45. Qxh7+ {Black resigns}
1-0

[Event "Team 45 45 League T86"]
[Site "Internet Chess Club"]
[Date "2020.10.03"]
[Round "1"]
[White "ANGELLR"]
[Black "Portola"]
[Result "1-0"]
[WhiteElo "1864"]
[BlackElo "1711"]
[Opening "Queen's pawn, Mason variation"]
[ECO "D00"]
[Time "17:01:06"]
[TimeControl "2700+45"]

1. d4 d5 2. Bf4 Nf6 3. e3 Bf5 4. c4 e6 5. Nc3 c6 6. Qb3 Qb6 7. c5 Qxb3 8. axb3
Be7 9. b4 Nbd7 10. b5 O-O 11. bxc6 bxc6 12. Ba6 e5 13. dxe5 Nh5 14. Bb7 Rad8 15.
b4 d4 16. Nd1 g5 17. e6 fxe6 18. Bc7 d3 19. Nf3 Bf6 20. Rxa7 g4 21. Nd4 Bxd4 22.
exd4 Rde8 23. Bxc6 Rf7 24. Bd6 e5 25. O-O exd4 26. Bd5 Be6 27. Re1 Ng7 28. Bxe6
Rxe6 29. Rxe6 Nxe6 30. c6 Nb6 31. Rb7 Nd5 32. Kf1 Nc3 33. Rb8+ Kg7 34. Nxc3 Ra7
35. Rb7+ Kg6 36. Rxa7 dxc3 37. Ke1 c2 38. Kd2 Nd4 39. Bf4 Ne2 40. Kxd3 Nxf4+ 41.
Kxc2 {Black resigns} 1-0

[Event "Team 45 45 League T86"]
[Site "Internet Chess Club"]
[Date "2020.10.01"]
[Round "1"]
[White "Ajolote"]
[Black "Legal"]
[Result "0-1"]
[WhiteElo "1987"]
[BlackElo "1973"]
[Opening "Ruy Lopez: Marshall counter-attack, 11...c6"]
[ECO "C89"]
[Time "21:09:29"]
[TimeControl "2700+45"]

1. e4 e5 2. Nf3 Nc6 3. Bb5 a6 4. Ba4 Nf6 5. O-O Be7 6. Re1 b5 7. Bb3 O-O 8. c3
d5 9. exd5 Nxd5 10. Nxe5 Nxe5 11. Rxe5 c6 12. Qf3 Bd6 13. Rxd5 cxd5 14. Bxd5 Qe7
15. Qe4 Ra7 16. d3 Bf5 17. Qxe7 Rxe7 18. Be3 Bxd3 19. Nd2 Rfe8 20. Nf3 Be4 21.
Bxe4 Rxe4 22. Rd1 Bf4 23. Bxf4 Rxf4 24. Rd6 Rfe4 25. g3 R4e6 26. Rd7 h6 27. Ra7
Rf6 28. Nd4 Re1+ 29. Kg2 Rb1 {White resigns} 0-1

[Event "Team 45 45 League T86"]
[Site "Internet Chess Club"]
[Date "2020.10.04"]
[Round "1"]
[White "The7thGuest"]
[Black "laurenpar"]
[Result "1/2-1/2"]
[WhiteElo "1869"]
[BlackElo "1827"]
[Opening "French: Winawer, advance, poisoned pawn, Konstantinopolsky variation"]
[ECO "C18"]
[Time "04:02:23"]
[TimeControl "2700+45"]

1. d4 e6 2. e4 d5 3. Nc3 Bb4 4. e5 Ne7 5. a3 Bxc3+ 6. bxc3 c5 7. Qg4 Qc7 8. Qxg7
Rg8 9. Qxh7 cxd4 10. Ne2 Nbc6 11. f4 dxc3 12. Qd3 d4 13. Nxd4 Nxd4 14. Qxd4 Bd7
15. a4 Nf5 16. Qf2 Qc6 17. Rg1 Qe4+ 18. Qe2 Qd4 19. Qf2 Qe4+ 20. Qe2 Qd4 21. Qf2
Qe4+ 22. Qe2 {Game drawn by repetition} 1/2-1/2

[Event "Team 45 45 League T86"]
[Site "Internet Chess Club"]
[Date "2020.10.10"]
[Round "1"]
[White "martineden"]
[Black "fileman"]
[Result "1-0"]
[WhiteElo "1907"]
[BlackElo "1848"]
[Opening "Queen's pawn: Lundin (Kevitz-Mikenas) defense"]
[ECO "A40"]
[Time "10:00:52"]
[TimeControl "2700+45"]

1. d4 Nc6 2. d5 Ne5 3. Nf3 Nxf3+ 4. exf3 e5 5. Bd3 Bc5 6. O-O d6 7. Be3 Bd7 8.
Bxc5 dxc5 9. Re1 f6 10. f4 Ne7 11. fxe5 fxe5 12. Qh5+ g6 13. Qxe5 Rf8 14. Nc3 b6
15. Bb5 a6 16. Bxd7+ Qxd7 17. Qe6 Qxe6 18. Rxe6 Kd7 19. Rae1 Rf7 20. R6e5 Raf8
21. Ne4 Nf5 22. Ng5 Re7 23. f4 h6 24. Ne6 Rff7 25. c4 c6 26. dxc6+ Kd6 27. c7
Kd7 28. Rd5+ Kc8 29. Rd8+ {Black resigns} 1-0

[Event "Team 45 45 League T86"]
[Site "Internet Chess Club"]
[Date "2020.10.02"]
[Round "1"]
[White "DeepPoo"]
[Black "haofangzhu"]
[Result "1/2-1/2"]
[WhiteElo "1686"]
[BlackElo "1811"]
[Opening "Scotch game"]
[ECO "C45"]
[Time "19:12:29"]
[TimeControl "2700+45"]

1. e4 e5 2. Nf3 Nc6 3. d4 exd4 4. Nxd4 Bc5 5. Be3 Qf6 6. c3 Nge7 7. Be2 d6 8.
O-O O-O 9. Nc2 Be6 10. Bxc5 dxc5 11. Ne3 Rad8 12. Qc2 Ng6 13. Bg4 Nce5 14. Bxe6
fxe6 15. Nd2 Nf4 16. Ndc4 Nf3+ 17. gxf3 Nh3+ 18. Kh1 Qxf3+ 19. Ng2 Nf4 20. Rg1
Nh3 21. Raf1 Nxf2+ 22. Rxf2 Qxf2 23. Qxf2 Rxf2 24. Nge3 b5 25. Ng4 Re2 26. Nce5
g6 27. Nf6+ Kg7 28. Nh5+ Kf8 29. Rf1+ Kg8 30. Nf6+ Kg7 31. Nfd7 Rxb2 32. Rf7+
Kh6 33. Rf6 Kh5 34. Rf3 Rb1+ 35. Kg2 Rb2+ 36. Kh3 Rxd7 {Game drawn by mutual
agreement} 1/2-1/2

[Event "Team 45 45 League T86"]
[Site "Internet Chess Club"]
[Date "2020.10.04"]
[Round "1"]
[White "chessfish1"]
[Black "PolishRyszard"]
[Result "1-0"]
[WhiteElo "1961"]
[BlackElo "1812"]
[Opening "Pirc defense"]
[ECO "B07"]
[Time "14:00:53"]
[TimeControl "2700+45"]

1. e4 d6 2. d4 Nf6 3. Nc3 Nbd7 4. g4 h6 5. h3 e5 6. Bg2 c6 7. Nge2 Be7 8. Ng3
exd4 9. Qxd4 Ne5 10. f4 c5 11. Qe3 Nc6 12. Bd2 Nd4 13. O-O-O Be6 14. Nd5 Bxd5
15. exd5 Kd7 16. c3 Nb5 17. g5 hxg5 18. fxg5 Nh7 19. h4 a6 20. Rhf1 Qf8 21. Qf3
Re8 22. Qxf7 Nc7 23. Rde1 Kd8 24. Qg6 Qg8 25. Nf5 Nf8 26. Qxg7 Nd7 27. Rxe7
{Black resigns} 1-0

[Event "Team 45 45 League T86"]
[Site "Internet Chess Club"]
[Date "2020.10.04"]
[Round "1"]
[White "cadmiumorange"]
[Black "Sloggi"]
[Result "0-1"]
[WhiteElo "1783"]
[BlackElo "1976"]
[Opening "Réti: King's Indian attack, Yugoslav variation"]
[ECO "A05"]
[Time "09:03:17"]
[TimeControl "2700+45"]

1. Nf3 Nf6 2. g3 d5 3. Bg2 c6 4. O-O Bg4 5. d3 Nbd7 6. Nbd2 e5 7. Qe1 Bc5 8. e4
dxe4 9. dxe4 O-O 10. h3 Bh5 11. Nb3 Bb6 12. Be3 Re8 13. Nh4 Qc7 14. g4 Bg6 15.
Nxg6 hxg6 16. Rd1 Rad8 17. Bf3 Nf8 18. g5 Nh5 19. Bxh5 gxh5 20. Qe2 g6 21. Rd2
Rxd2 22. Nxd2 Ne6 23. Nf3 Rd8 24. c3 Qd6 25. Bxb6 axb6 26. h4 Nf4 27. Qe3 Qe6
28. Nh2 Rd3 {White resigns} 0-1

[Event "Team 45 45 League T86"]
[Site "Internet Chess Club"]
[Date "2020.10.03"]
[Round "1"]
[White "room-matt"]
[Black "walkover"]
[Result "1/2-1/2"]
[WhiteElo "1782"]
[BlackElo "1725"]
[Opening "Richter-Veresov attack"]
[ECO "D01"]
[Time "12:32:26"]
[TimeControl "2700+45"]

1. d4 Nf6 2. Nc3 d5 3. Bg5 c5 4. e3 cxd4 5. exd4 Nbd7 6. Bb5 e6 7. Nf3 Be7 8.
Ne5 O-O 9. O-O a6 10. Bd3 h6 11. Bf4 Nxe5 12. dxe5 Nd7 13. Qg4 Bg5 14. Bxg5 Qxg5
15. Qxg5 hxg5 16. Rfe1 b5 17. a3 Bb7 18. Rad1 Rac8 19. h3 Nb6 20. Rc1 Nc4 21.
Nd1 d4 22. Be4 Bxe4 23. Rxe4 Rfd8 24. g3 Nd2 25. Re2 Rxc2 26. Rxc2 d3 27. Rexd2
dxc2 28. Rxc2 Rxd1+ 29. Kg2 Rd5 {Game drawn by mutual agreement} 1/2-1/2

[Event "Team 45 45 League T86"]
[Site "Internet Chess Club"]
[Date "2020.10.03"]
[Round "1"]
[White "pishd"]
[Black "Boxermam"]
[Result "1-0"]
[WhiteElo "1776"]
[BlackElo "1781"]
[Opening "Queen's pawn game, Rubinstein (Colle-Zukertort) variation"]
[ECO "A40"]
[Time "10:05:37"]
[TimeControl "2700+45"]

1. d4 e6 2. Nf3 Nf6 3. e3 c5 4. Bd3 d5 5. b3 Nc6 6. Bb2 Be7 7. Nbd2 cxd4 8. exd4
O-O 9. O-O b6 10. Qe2 Nb4 11. Rfc1 Bb7 12. Ne5 Nxd3 13. Qxd3 Rc8 14. a4 a6 15.
f3 Nd7 16. Nxd7 Qxd7 17. Ba3 Rfd8 18. Bxe7 Qxe7 19. c3 Rc7 20. a5 b5 21. b4 Bc6
22. Nb3 Be8 23. Nc5 Ra7 24. Rf1 Rd6 25. Rae1 Qf6 26. f4 g6 27. f5 gxf5 28. Qg3+
{Black resigns} 1-0

[Event "Team 45 45 League T86"]
[Site "Internet Chess Club"]
[Date "2020.10.02"]
[Round "1"]
[White "MathBandit"]
[Black "Portola"]
[Result "0-1"]
[WhiteElo "1699"]
[BlackElo "1721"]
[Opening "French: Wing gambit"]
[ECO "C00"]
[Time "20:00:48"]
[TimeControl "2700+45"]

1. e4 e6 2. Nf3 d5 3. e5 c5 4. b4 cxb4 5. a3 Nc6 6. axb4 Bxb4 7. c3 Bc5 8. d4
Be7 9. Bd3 Bd7 10. O-O Nh6 11. Bxh6 gxh6 12. Qd2 Bg5 13. Nxg5 Qxg5 14. f4 Qe7
15. Na3 Nd8 16. Nb5 Bxb5 17. Bxb5+ Nc6 18. f5 Qg5 19. Qxg5 hxg5 20. Bxc6+ bxc6
21. Ra6 O-O 22. Rxc6 Rfc8 23. Rxc8+ Rxc8 24. fxe6 fxe6 25. Rf6 Re8 26. Kf2 Rf8
27. Rxf8+ Kxf8 28. Ke3 Ke7 29. Kd3 Kd7 30. c4 dxc4+ 31. Kxc4 Kc6 32. d5+ exd5+
33. Kd4 a5 34. e6 a4 35. e7 Kd7 36. Kc3 Kxe7 37. Kb4 Kd6 38. Kxa4 Kc5 39. Kb3
Kd4 40. Kc2 Ke3 {White resigns} 0-1

[Event "Team 45 45 League T86"]
[Site "Internet Chess Club"]
[Date "2020.10.05"]
[Round "1"]
[White "evan7284"]
[Black "Redman1"]
[Result "1/2-1/2"]
[WhiteElo "1640"]
[BlackElo "1588"]
[Opening "Queen's pawn: London system"]
[ECO "A45"]
[Time "14:01:15"]
[TimeControl "2700+45"]

1. d4 Nf6 2. Bf4 e6 3. e3 b6 4. Bd3 Bb7 5. Nf3 d6 6. Nbd2 Be7 7. h3 Nbd7 8. O-O
O-O 9. c3 c5 10. Qe2 Re8 11. e4 Nf8 12. e5 Nd5 13. Bg3 a6 14. Nh2 dxe5 15. dxe5
Qd7 16. Rad1 b5 17. f4 c4 18. Bb1 Qc6 19. Kh1 Bc5 20. Rf3 Qb6 21. Bf2 Bxf2 22.
Qxf2 Qxf2 23. Rxf2 Rad8 {Game drawn by mutual agreement} 1/2-1/2

[Event "Team 45 45 League T86"]
[Site "Internet Chess Club"]
[Date "2020.10.01"]
[Round "1"]
[White "Chess4Him"]
[Black "rubo"]
[Result "1-0"]
[WhiteElo "1491"]
[BlackElo "1494"]
[Opening "Queen's pawn, Mason variation"]
[ECO "D00"]
[Time "23:30:21"]
[TimeControl "2700+45"]

1. d4 d5 2. Bf4 Bf5 3. e3 e6 4. c4 Bxb1 5. Qxb1 Bb4+ 6. Kd1 dxc4 7. a3 Bd6 8.
Bg3 Nf6 9. Bxc4 c5 10. Bb5+ Nc6 11. Nf3 O-O 12. Bxc6 bxc6 13. Ke2 cxd4 14. Nxd4
c5 15. Nb5 Bxg3 16. hxg3 Qd7 17. Nc3 Rfd8 18. Rd1 Qc6 19. Kf1 Rd7 20. Qc2 Rad8
21. Rac1 g6 22. Kg1 Rxd1+ 23. Rxd1 Rxd1+ 24. Qxd1 Nd5 25. Qf3 Qd7 26. Ne4 Qe7
27. g4 f6 28. Qg3 f5 29. gxf5 exf5 30. Qb8+ Kg7 31. Nd6 Nc7 32. Qxc7 Qxc7 33.
Ne8+ Kf7 34. Nxc7 Ke7 35. Nd5+ Ke6 36. Nc3 c4 37. f4 a6 38. Kf2 Kd6 39. Kf3 Kc5
40. g4 Kb6 41. g5 Ka5 42. e4 Kb6 43. exf5 gxf5 44. Ke3 Kc5 45. Ne2 a5 46. Nd4 c3
47. bxc3 Kc4 48. Nxf5 Kxc3 49. Nd4 Kb2 50. Kd3 Kxa3 51. f5 Kb2 52. f6 a4 53. Nc2
a3 54. f7 a2 55. f8=Q h6 56. gxh6 Kc1 57. Qf1+ Kb2 58. Qa1+ Kb3 59. Qc3+ Ka4 60.
Qb4# {Black checkmated} 1-0

[Event "Team 45 45 League T86"]
[Site "Internet Chess Club"]
[Date "2020.10.05"]
[Round "1"]
[White "liujf"]
[Black "ascoli"]
[Result "0-1"]
[WhiteElo "1623"]
[BlackElo "1616"]
[Opening "Queen's pawn: London system"]
[ECO "A45"]
[Time "14:01:47"]
[TimeControl "2700+45"]

1. d4 Nf6 2. Bf4 d6 3. e3 Nbd7 4. Nd2 e5 5. dxe5 dxe5 6. Bg3 Bd6 7. Nc4 Qe7 8.
Nf3 O-O 9. Nxd6 Qxd6 10. c3 Re8 11. Bb5 Qb6 12. Bxd7 Nxd7 13. b3 f6 14. Qd5+ Qe6
15. O-O-O Nb6 16. Qxe6+ Bxe6 17. Nd2 a5 18. f4 e4 19. h3 f5 20. Kb2 a4 21. b4
Red8 22. a3 Rd3 23. Bf2 Rad8 24. Kc2 Bb3+ 25. Nxb3 axb3+ 26. Kc1 b2+ 27. Kc2
Rxd1 28. Rxd1 Rxd1 {White resigns} 0-1

[Event "Team 45 45 League T86"]
[Site "Internet Chess Club"]
[Date "2020.10.04"]
[Round "1"]
[White "Gojira"]
[Black "Hal2001"]
[Result "0-1"]
[WhiteElo "1530"]
[BlackElo "1508"]
[Opening "Old Benoni defense"]
[ECO "A43"]
[Time "21:01:18"]
[TimeControl "2700+45"]

1. d4 c5 2. dxc5 Qa5+ 3. Nc3 Qxc5 4. e4 g6 5. Be3 Qa5 6. Qd4 Nf6 7. b4 Qd8 8.
Bb5 Nc6 9. Bxc6 bxc6 10. e5 Ng8 11. e6 f6 12. exd7+ Qxd7 13. Qc4 Qe6 14. Qc5 Bg7
15. Nge2 Nh6 16. Nd4 Qd6 17. Nxc6 Nf5 18. Rd1 Qxc5 19. Bxc5 Bb7 20. b5 Bxc6 21.
bxc6 Rc8 22. O-O Rxc6 23. Ne4 Rc7 24. Rd3 Kf7 25. c3 Rhc8 26. Bb4 Bf8 27. Rfd1
Nd6 28. Nxd6+ exd6 29. Kf1 f5 30. Ke2 d5 31. Bxf8 Kxf8 32. Ke3 Rxc3 33. Rd2 Ke7
34. Kd4 Rxd3+ 35. Kxd3 Kd6 36. f4 Rc4 37. g3 Kc5 38. Rb2 Ra4 39. Rc2+ Rc4 40.
Rb2 Rd4+ 41. Ke3 Ra4 42. Kd3 Ra3+ 43. Kd2 Kc4 44. Rc2+ Kd4 45. Rb2 Ke4 46. Ke2
d4 47. Rd2 Rc3 48. Kd1 d3 49. Rb2 Ke3 50. a4 Ra3 {White resigns} 0-1

[Event "Team 45 45 League T86"]
[Site "Internet Chess Club"]
[Date "2020.10.03"]
[Round "1"]
[White "Tjet"]
[Black "Constrictor"]
[Result "0-1"]
[WhiteElo "1324"]
[BlackElo "1526"]
[Opening "English opening"]
[ECO "A21"]
[Time "21:27:58"]
[TimeControl "2700+45"]

1. c4 e5 2. Nc3 f5 3. g3 Nf6 4. Bg2 d6 5. d3 c6 6. Bg5 h6 7. Bxf6 Qxf6 8. e3 Na6
9. Nge2 Be6 10. a3 Nc7 11. b4 Be7 12. O-O O-O 13. Rb1 d5 14. cxd5 Nxd5 15. Nxd5
cxd5 16. d4 e4 17. Qd2 Rac8 18. Rfc1 g5 19. Rxc8 Rxc8 20. Rc1 Bd6 21. Rxc8+ Bxc8
22. Qc2 Be6 23. Nc3 f4 24. exf4 gxf4 25. Nb5 Bb8 26. Qc5 e3 27. fxe3 fxe3 28.
Qc2 a6 29. Nc3 Ba7 30. Bxd5 Bxd5 31. Nxd5 Qe6 32. Qc8+ Qxc8 33. Ne7+ Kf7 34.
Nxc8 Bxd4 35. Kf1 Ke6 36. Ke2 Kd7 37. g4 Kxc8 38. h4 Kd7 39. a4 Ke6 40. b5 axb5
41. axb5 Ke5 42. g5 Kf5 43. gxh6 Kg6 44. h5+ Kxh6 45. Kd3 Kxh5 46. Ke2 Kg5 47.
Kf3 Kf5 48. Ke2 Ke4 49. Ke1 Kd3 50. Kd1 e2+ 51. Ke1 Ke3 52. b6 Bc3# {White
checkmated} 0-1

[Event "Team 45 45 League T86"]
[Site "Internet Chess Club"]
[Date "2020.10.03"]
[Round "1"]
[White "dabodhi"]
[Black "Pawnchain"]
[Result "1-0"]
[WhiteElo "1342"]
[BlackElo "1301"]
[Opening "French: exchange, Svenonius variation"]
[ECO "C11"]
[Time "09:31:02"]
[TimeControl "2700+45"]

1. e4 e6 2. d4 d5 3. Nc3 Nf6 4. exd5 exd5 5. Bg5 Be7 6. Qd2 h6 7. Bf4 c6 8. Bd3
Bg4 9. h3 Be6 10. Nf3 Nbd7 11. O-O Nh5 12. Bh2 g5 13. Rae1 Nf4 14. Bxf4 gxf4
{Black resigns} 1-0